Map: Cerulean Fall LE

Players

Stats

  • Race: Protoss Protoss
  • League: Grandmaster
  • Spawn Location: 7:00

SpeCial - Winner!

  • Race: Terran Terran
  • League: Grandmaster
  • Spawn Location: 1:00

Event: IEM Season 13 - Katowice Server Qualifiers America

VOD

Have the link to the VOD?

Description

Time

  • Played on: Jan. 6, 2019, 5:29 p.m.
  • Length: 12:15

All games in this series

Show
View Real Time Build Order
Export as new Build Order

Stats Protoss 

Build Orders: 1 Gate Expand, Double Forge, Phoenix Opening, Blink Stalkers, Colossus Rush 

Get SALT Encoding   

  12  0:00  Probe  
  13  0:13  Probe  
  14  0:17  Pylon  
  14  0:24  Probe  
  15  0:32  Probe  
  15  0:37  Gateway  
  15  0:40  Probe  
  16  0:46  Assimilator  
  17  0:51  Probe  
  18  1:03  Probe  
  19  1:15  Probe  
  20  1:24  Nexus  
  20  1:32  Cybernetics Core  
  20  1:35  Probe  
  21  1:42  Assimilator  
  21  1:48  Probe  
  21  1:52  Pylon  
  22  2:00  Probe  
  23  2:09  Probe, Warp Gate  
  23  2:10  Adept  
  26  2:17  Probe  
  27  2:26  Probe  
  27  2:27  Twilight Council  
  28  2:32  Probe  
  28  2:34  Probe  
  29  2:38  Sentry  
  29  2:40  Probe  
  29  2:42  Probe  
  32  2:51  Probe  
  34  2:52  Probe  
  36  3:03  Probe  
  36  3:04  Probe, Stalker  
  40  3:12  Phoenix  
  40  3:14  Blink  
  40  3:15  Probe  
  40  3:17  Probe  
  42  3:21  Gateway  
  42  3:22  Gateway  
  42  3:24  Pylon  
  42  3:31  Probe x2  
  42  3:43  Probe x2  
  42  3:44  Assimilator  
  42  3:45  Robotics Facility, Assimilator  
  44  3:55  Probe x2  
  46  4:02  Pylon  
  46  4:07  Probe x2  
  48  4:19  Probe x2  
  48  4:22  Sentry  
  52  4:26  Nexus  
  52  4:30  Observer  
  52  4:31  Probe x2, Pylon  
  52  4:35  Robotics Bay  
  55  4:38  Forge  
  55  4:40  Forge  
  55  4:43  Probe  
  55  4:44  Observer, Probe  
  58  4:53  Stalker  
  58  4:54  Phoenix  
  58  4:56  Stalker, Pylon  
  58  4:58  Probe  
  58  4:59  Probe  
  64  5:02  Pylon  
  64  5:09  Colossus  
  64  5:17  Protoss Ground Weapons Level 1, Protoss Ground Armor Level 1  
  64  5:21  Observer  
  70  5:30  Probe x2  
  70  5:35  Gateway  
  72  5:36  Gateway  
  72  5:40  Gateway  
  72  5:46  Colossus  
  72  5:47  Stalker x2  
  72  5:48  Stalker  
  84  6:09  Extended Thermal Lance  
  82  6:15  Stalker x3  
  59  6:36  Probe  
  59  6:37  Probe  
  59  6:38  Probe  
  59  6:39  Observer, Stalker x3  
  66  6:45  Zealot x3  
  66  6:46  Colossus  
  64  6:54  Probe x3  
  71  7:02  Probe x3  
  74  7:08  Protoss Ground Weapons Level 2  
  74  7:09  Charge  
  74  7:10  Probe x3  
  74  7:13  Observer  
  77  7:21  Probe x2  
  77  7:22  Probe  
  80  7:32  Shield Battery  
  80  7:33  Probe x2  
  80  7:34  Probe  
  80  7:36  Warp Prism  
  83  7:41  Gravitic Drive, Protoss Ground Armor Level 2, Pylon  
  85  7:52  Sentry  
  87  8:02  Assimilator x2  
  87  8:03  Stalker x2  
  87  8:05  Zealot x2  
  95  8:07  Stalker  
  97  8:26  Pylon  
  96  8:28  Probe x3, Pylon  
  96  8:30  Pylon  
  96  8:32  Observer  
  99  8:44  Probe x3  
  99  8:47  Stalker x3  
  108  8:49  Zealot x3  
  113  9:13  Templar Archives  
  113  9:16  Gateway  
  117  9:18  Stalker x3  
  117  9:19  Gateway  
  117  9:20  Zealot  
  117  9:23  Pylon  
  110  9:28  Psionic Storm  
  87  9:32  Zealot x2  
  77  9:48  Probe x3  
  77  9:52  Sentry x2  
  84  9:53  Stalker x4  
  92  10:00  Probe x3  
  92  10:01  Robotics Facility  
  95  10:15  High Templar x4  
  103  10:21  Zealot x2  
  103  10:22  Zealot  
  103  10:24  Zealot  
  111  10:43  Zealot x3  
  117  10:50  Observer  
  117  10:57  Zealot x5  
  121  11:20  Pylon  
  119  11:26  Pylon  
  119  11:31  Nexus  
  114  11:33  Pylon  
  82  11:43  Archon  
  82  11:46  Archon  
  62  11:47  Zealot x7  
  62  11:48  Zealot  
  35  12:10  Zealot x5  
Show
View Real Time Build Order
Export as new Build Order

SpeCial Terran - Winner!

Build Orders:  

Get SALT Encoding   

  12  0:00  SCV  
  13  0:12  SCV  
  14  0:17  Supply Depot  
  14  0:24  SCV  
  15  0:39  SCV  
  15  0:40  Barracks  
  16  0:44  Refinery  
  16  0:51  SCV  
  17  1:03  SCV  
  18  1:15  SCV  
  19  1:28  Marine  
  19  1:29  Orbital Command  
  20  1:43  Command Center  
  20  1:46  Barracks Reactor  
  20  1:56  SCV  
  20  1:58  Supply Depot  
  21  2:08  SCV  
  22  2:11  Factory  
  22  2:20  SCV  
  23  2:23  Marine  
  23  2:25  Reaper  
  23  2:27  Refinery  
  25  2:32  SCV  
  26  2:40  Marine  
  27  2:45  SCV  
  28  2:56  Marine  
  28  2:57  SCV  
  30  2:59  Starport  
  30  3:04  Factory Tech Lab  
  30  3:05  Orbital Command  
  30  3:09  Marine, SCV  
  32  3:14  Marine  
  33  3:23  Cyclone  
  33  3:26  SCV  
  37  3:31  SCV  
  38  3:38  SCV, Starport Tech Lab  
  38  3:39  Marine x2  
  40  3:43  SCV  
  40  3:45  Supply Depot  
  41  3:50  SCV  
  42  3:55  SCV  
  42  3:59  Banshee  
  46  4:06  Marine x2, Barracks  
  46  4:07  SCV  
  46  4:08  Siege Tank  
  52  4:11  Barracks  
  52  4:15  SCV, Supply Depot  
  53  4:19  SCV  
  53  4:21  Supply Depot  
  54  4:36  Marine x2, Supply Depot  
  54  4:37  SCV x2  
  58  4:41  Supply Depot  
  58  4:42  Siege Tank  
  61  4:49  SCV x2  
  61  4:51  Banshee  
  66  4:54  Marine  
  66  4:55  Marine x2  
  66  4:58  Refinery  
  66  4:59  Marine  
  70  5:01  SCV x2  
  70  5:03  Supply Depot  
  72  5:13  SCV x2  
  74  5:16  Siege Tank  
  74  5:17  Marine x3  
  80  5:25  SCV x2  
  80  5:26  Supply Depot  
  80  5:27  Engineering Bay  
  82  5:38  SCV x2  
  82  5:42  Marine  
  84  5:43  Starport Reactor, Stimpack  
  84  5:45  Marine x3  
  88  5:50  SCV  
  88  5:52  SCV  
  90  5:57  Bunker  
  90  5:58  Bunker  
  90  5:59  Bunker, Terran Infantry Weapons Level 1  
  90  6:00  Marine, Refinery  
  90  6:07  SCV  
  90  6:14  Marine x2  
  90  6:18  Marine  
  90  6:19  SCV  
  90  6:20  Factory Reactor  
  90  6:21  Barracks x2  
  76  6:36  Marine x2  
  76  6:37  Marauder x2, Combat Shield  
  76  6:39  Medivac x2  
  79  6:40  SCV x2  
  79  6:50  Command Center  
  72  6:56  Marine x2  
  72  6:58  Marauder  
  72  6:59  Marauder  
  71  7:10  Barracks Tech Lab  
  71  7:12  Starport  
  71  7:14  Supply Depot  
  71  7:15  Marine x2, Supply Depot  
  73  7:16  Marine x2  
  73  7:18  Factory Reactor  
  73  7:20  Marauder, Medivac  
  79  7:22  Medivac  
  79  7:26  SCV x2  
  83  7:30  Marauder  
  83  7:33  Marine x2  
  83  7:34  Marine  
  83  7:36  Missile Turret  
  88  7:38  SCV  
  88  7:42  Marine  
  90  7:44  Marauder  
  90  7:46  Concussive Shells  
  90  7:50  Marine  
  90  7:51  Marine x2, SCV x2  
  96  7:53  Viking  
  96  7:57  Viking  
  101  8:06  Orbital Command  
  101  8:07  Viking  
  101  8:08  Viking  
  101  8:10  Marine  
  101  8:12  Marine  
  107  8:13  Marine  
  107  8:18  Marauder  
  107  8:19  Marauder  
  112  8:21  Marauder  
  112  8:23  SCV x2  
  116  8:29  Supply Depot  
  116  8:32  Viking  
  116  8:33  Viking  
  120  8:39  Viking x2  
  124  8:45  Marine, Marauder x3  
  124  8:47  Marine  
  132  8:51  Marine  
  132  8:52  Marine, Supply Depot  
  132  8:54  SCV  
  135  8:59  Ghost Academy  
  136  9:02  SCV  
  136  9:03  SCV  
  137  9:10  Viking  
  137  9:11  Marauder  
  137  9:12  Marine  
  137  9:18  Marine, Marauder  
  137  9:19  Marine, Marauder  
  137  9:22  SCV  
  132  9:33  Marauder, Viking  
  127  9:39  Viking x2  
  127  9:45  Marine  
  121  9:46  Marine, Marauder x2  
  121  9:49  Marine x2  
  131  9:52  SCV x2  
  131  9:53  Ghost, SCV  
  134  10:03  Marine x2, Supply Depot  
  134  10:04  SCV, Terran Infantry Armor Level 1  
  134  10:05  SCV  
  134  10:06  Ghost  
  138  10:07  Marine x2  
  138  10:11  Marauder  
  144  10:21  Marine x2, Supply Depot  
  144  10:23  Supply Depot  
  144  10:25  Marine x2  
  144  10:26  Marauder  
  150  10:31  Viking  
  150  10:32  Viking x2  
  156  10:39  Marine  
  157  10:42  Marine  
  157  10:43  Marauder x2, Viking  
  157  10:44  Supply Depot  
  157  10:45  Supply Depot  
  157  10:49  Marine x2, Marauder  
  164  11:14  Marine  
  164  11:15  Marauder  
  152  11:28  Supply Depot  
  152  11:29  Supply Depot  
  144  11:37  Marine  
  144  11:38  Marine, Marauder  
  133  11:43  Marine  
  133  11:44  Marauder  
  127  11:50  Marine  
  127  11:52  Marine  

Tags
 
Add a new tag
Caveats
  • Supply blocks, unpowered buildings, or Contaminate may cause inaccurate times.
  • Supply counts are checked every 10 seconds.